 Dungeon Crawl Stone Soup version 0.27.0-1-g7a089689b8 (webtiles) character file.

Game seed: 5581375536823210433

1176 Fv001 the Slasher (level 8, -1/64 HPs)
             Began as a Formicid Abyssal Knight on Aug 1, 2021.
             Was a Priest of Lugonu.
             Succumbed to a scorpion's poison
             ... on level 5 of the Dungeon.
             The game lasted 00:13:01 (6593 turns).

Fv001 the Slasher (Formicid Abyssal Knight)         Turns: 6593, Time: 00:13:02

Health: -1/64      AC:  8    Str: 19    XL:     8   Next: 69%
Magic:  9/9        EV: 10    Int: 12    God:    Lugonu [***...]
Gold:   168        SH:  3    Dex: 10    Spells: 7/7 levels left

rFire    . . .     SeeInvis +   a - +0 scimitar
rCold    . . .     Faith    .   j - +0 buckler
rNeg     + . .     Spirit   .   d - +1 scale mail
rPois    .         Reflect  .   (helmet unavailable)
rElec    .         Harm     .   (no cloak)
rCorr    .         Rampage  .   (no gloves)
Will     .....                  (no boots)
Stlth    ..........             (no amulet)
HPRegen  0.20/turn              g - ring of positive energy
MPRegen  0.11/turn              k - ring of wizardry

@: lethally poisoned (-1 -> -26), studying Dodging
A: permanent stasis, dig shafts and tunnels, antennae 3, four strong arms
a: Dig, Shaft Self, Renounce Religion, Depart the Abyss, Bend Space, Banish


You were on level 5 of the Dungeon.
You worshipped Lugonu.
Lugonu was most pleased with you.
You visited 1 branch of the dungeon, and saw 5 of its levels.
You visited the Abyss 1 time.

You collected 168 gold pieces.

Inventory:

Hand Weapons
 a - a +0 scimitar (weapon)
 b - a +0 short sword
Armour
 d - a +1 scale mail (worn)
 j - a +0 buckler (worn)
 p - a +0 chain mail
Jewellery
 g - a ring of positive energy (left hand)
 h - a ring of magical power
 k - a ring of wizardry (right hand)
Wands
 c - a wand of iceblast (4)
 m - a wand of polymorph (3)
Scrolls
 f - 2 scrolls of magic mapping
 i - a scroll of vulnerability {unknown}
 l - a scroll of fear
Potions
 e - a potion of magic


   Skills:
 + Level 5.8 Fighting
 + Level 6.5 Long Blades
 + Level 5.0 Armour
 + Level 3.3 Dodging
 + Level 1.7 Stealth
 + Level 1.1 Shields
 + Level 2.3 Invocations
 + Level 1.8 Evocations


You had 7 spell levels left.
You didn't know any spells.
Your spell library contained the following spells:

 Spells                   Type           Power      Damage    Failure   Level
 Beastly Appendage        Tmut           0%         N/A       43%         1
 Wereblood                Tmut           0%         N/A       56%         2
 Spider Form              Tmut/Pois      0%         N/A       78%         3


Dungeon Overview and Level Annotations

Branches:
Dungeon (5/15)
 Temple: D:4-7

Altars:
Uskayaw
Vehumet

Annotations:
D:4 Eustachio


Innate Abilities, Weirdness & Mutations

You cannot be hasted, slowed, berserked, paralysed or teleported.
You can dig through walls and to a lower floor.
You have a pair of large antennae on your head. (SInv)
Your four strong arms can wield two-handed weapons with a shield.


Message History

You slash the scorpion!
The scorpion is severely wounded.
The scorpion stings you but does no damage.
You barely miss the scorpion.
The scorpion is severely wounded.
The scorpion stings you but does no damage.
You hit the scorpion but do no damage.
The scorpion is severely wounded.
The scorpion closely misses you.
You riposte.
You barely miss the scorpion.
The scorpion is severely wounded.
The scorpion barely misses you.
You closely miss the scorpion.
The scorpion is severely wounded.
The scorpion stings you.
* * * LOW HITPOINT WARNING * * *
You hit the scorpion.
The scorpion is almost dead.
The scorpion stings you.
* * * LOW HITPOINT WARNING * * *
You are lethally poisoned!
The scorpion poisons you!
You feel better. The scorpion stings you.
* * * LOW HITPOINT WARNING * * *
You are poisoned.
The scorpion poisons you! The scorpion stings you.
* * * LOW HITPOINT WARNING * * *
You are lethally poisoned!
The scorpion poisons you!
Okay, then.
You barely miss the scorpion.
The scorpion is almost dead.
* * * LOW HITPOINT WARNING * * *
You feel very sick. The scorpion stings you.
* * * LOW HITPOINT WARNING * * *
You are more poisoned.
The scorpion poisons you!
You barely miss the scorpion.
The scorpion is almost dead.
You die...

####
....####......#...
#. ... ##...#
###.###(..#
#...#.### #.##
#.##..... #....#
##[#
######.##..... {
#.##.# #.##
#..........### {
#..#.####.##
#.####........
#..)))....# #.#
#........
#...#.#####s# #.#
##..#####
#..##.#####@###.#
#......#. ....
............#
#......#. ####
########.#####
#.####### #.#
#....#... #.#
#....#... #.#
#.####### #.#
#........ #>#
#######..# #..
........##


You could see a scorpion.

Vanquished Creatures
  An ice beast (D:4)
  A hornet zombie (D:4)
  A centaur (D:5)
  A boggart (D:5)
  Blork the orc (D:5)
  A water moccasin zombie (D:5)
  4 scorpions
  A howler monkey (D:4)
  A jelly (D:4)
  A hound (D:4)
  An orc priest (D:5)
  An iguana (D:4)
  5 orc wizards
  A hound zombie (D:5)
  4 gnolls (D:2)
  5 adders
  An ufetubus (D:5)
  An adder skeleton (D:4)
  A worm (D:3)
  A dart slug (D:4)
  10 orcs
  4 endoplasms
  7 giant cockroaches
  8 goblins
  10 hobgoblins
  4 jackals (D:1)
  4 kobolds
  4 quokkas
  4 ball pythons
  2 bats (D:1)
  7 frilled lizards
  5 rats
103 creatures vanquished.

Notes
Turn   | Place    | Note
-------+----------+-------------------------------------------
     0 | Abyss:1  | Fv001 the Formicid Abyssal Knight began the quest for the
                  | Orb.
     0 | Abyss:1  | Reached XP level 1. HP: 18/18 MP: 2/2
    24 | Abyss:1  | Found a corrupted altar of Lugonu.
    33 | Abyss:1  | Found a corrupted altar of Lugonu.
    68 | Abyss:1  | Noticed a quasit
    69 | D:1      | Escaped the Abyss
   137 | D:1      | Reached XP level 2. HP: 8/24 MP: 3/3
   520 | D:1      | Reached * piety under Lugonu
   823 | D:1      | Reached XP level 3. HP: 30/30 MP: 4/4
  1832 | D:2      | Reached skill level 1 in Dodging
  1832 | D:2      | Reached XP level 4. HP: 22/37 MP: 5/5
  2301 | D:2      | Found a faded altar of an unknown god.
  2528 | D:2      | Reached skill level 3 in Long Blades
  2528 | D:2      | Reached XP level 5. HP: 20/43 MP: 6/6
  2722 | D:2      | HP: 1/64 [something (3)]
  2725 | D:2      | Reached ** piety under Lugonu
  2726 | D:2      | Reached skill level 1 in Stealth
  3607 | D:3      | Reached XP level 6. HP: 48/49 MP: 7/7
  4090 | D:4      | Reached skill level 4 in Long Blades
  4248 | D:4      | Noticed Eustachio
  4590 | D:4      | Reached skill level 5 in Fighting
  4590 | D:4      | Reached XP level 7. HP: 39/56 MP: 8/8
  4777 | D:4      | Identified a scroll of acquirement
  4793 | D:4      | Acquired a manual of Dodging
  4983 | D:4      | Reached skill level 5 in Long Blades
  5043 | D:4      | Found a radiant altar of Vehumet.
  5668 | D:5      | Entered Level 5 of the Dungeon
  5760 | D:5      | Found a hide-covered altar of Uskayaw.
  5810 | D:5      | Reached XP level 8. HP: 55/63 MP: 9/9
  5930 | D:5      | Reached skill level 6 in Long Blades
  6191 | D:5      | Noticed Blork the orc
  6197 | D:5      | Killed Blork the orc
  6437 | D:5      | Reached skill level 5 in Armour
  6437 | D:5      | Reached skill level 1 in Shields
  6463 | D:5      | Reached *** piety under Lugonu
  6521 | D:5      | Reached skill level 1 in Evocations
  6593 | D:5      | Succumbed to a scorpion's poison

Illustrated notes

Levels and vault maps discovered:
D:1:      dpeg_arrival_tiny_i, layout_loops_corners, minivault_24,
          bh_walls_and_bars
D:2:      layout_rooms, hellmonk_ecumenical_altar_slurped_away,
          minmay_hexomino_u4
D:3:      layout_rooms
D:4:      layout_gridville, mainiacjoe_overflow_alcove_1, minmay_cupped,
          uniq_eustachio
D:5:      layout_loops_ring, mainiacjoe_overflow_tiny_flanked,
          grunt_ministairs_11, minmay_misc_feat_room,
          hangedman_abyss_or_decor_stagger, minmay_fractal_squares_diagonal_5,
          uniq_blork_the_orc

Skill      XL: |  1  2  3  4  5  6  7  8 |
---------------+-------------------------+-----
Fighting       | 4 5 |  5.8
Dodging        | 1 2 3 |  3.3
Long Blades    | 3 4 5 6 |  6.5
Stealth        | 1 |  1.7
Armour         | 3 4 5 |  5.0
Shields        | 1 |  1.1
Evocations     | 1 |  1.8
Invocations    | |  2.3

Action                   |  1- 3 |  4- 6 |  7- 9 || total
-------------------------+-------+-------+-------++-------
Melee: Falchion          |    88 |   158 |   182 ||   428
       Scimitar          |       |       |    22 ||    22
Invok: Depart the Abyss  |     1 |       |       ||     1
 Abil: Dig               |     1 |     4 |     4 ||     9
Evoke: Wand              |       |       |     6 ||     6
  Use: Scroll            |     2 |     4 |     6 ||    12
       Potion            |       |     3 |     3 ||     6
Armor: Leather armour    |    23 |    14 |       ||    37
       Scale mail        |       |    34 |    91 ||   125
       Skin              |       |    25 |       ||    25
Dodge: Dodged            |    51 |    88 |    87 ||   226
Block: Buckler           |       |       |    22 ||    22
       Rpst.: Falchion   |    14 |    30 |    21 ||    65
       Scimitar          |       |       |     3 ||     3
